 Dungeon Crawl Stone Soup version 0.26-a0-597-gb535b0901c (webtiles) character file.

Game seed: 15275873838487210911

37863 BattleRest the Basher (level 13, 0/184 HPs)
             Began as a Minotaur Gladiator on Aug 19, 2020.
             Was the Champion of Okawaru.
             Succumbed to a cane toad's poison
             ... on level 6 of the Lair of Beasts on Sept 22, 2020.
             The game lasted 00:55:00 (18530 turns).

BattleRest the Basher (Minotaur Gladiator)         Turns: 18530, Time: 00:55:00

Health: 0/184      AC: 15    Str: 23      XL:     13   Next: 60%
Magic:  9/10       EV:  6    Int:  4 (5)  God:    Okawaru [******]
Gold:   1678       SH: 23    Dex: 13      Spells: 20/21 levels left

rFire    + . .     SeeInvis +   t - +3 flail
rCold    . . .     Faith    .   y - +0 tower shield
rNeg     . . .     Spirit   .   G - +0 plate armour
rPois    .         Reflect  +   c - +0 hat
rElec    +         Harm     .   l - +1 cloak
rCorr    .         Rnd*Rage +   (no gloves)
MR       .....                  O - +0 pair of boots of Pathos {*Corrode rElec Regen+ MP-9}
Stlth    ..........             i - amulet of reflection
HPRegen  0.80/turn              v - ring of flight
MPRegen  0.12/turn              (no ring)

@: berserking (expiring), lethally poisoned (0 -> -6), corroded, very quick
A: retaliatory headbutt, horns 2, see invisible, berserk 1, deterioration 1,
fire resistance 1
a: Heroism, Finesse, Renounce Religion, Evoke Flight


You were on level 6 of the Lair of Beasts.
You worshipped Okawaru.
Okawaru was exalted by your worship.
You visited 3 branches of the dungeon, and saw 19 of its levels.

You collected 1678 gold pieces.

Inventory:

Hand Weapons
 t - a +3 flail (weapon)
Missiles
 d - 7 throwing nets (quivered)
Armour
 b - a +0 kite shield of positive energy
 c - a +0 hat (worn)
 l - a +1 cloak (worn)
 u - a +0 cloak
 y - a +0 tower shield (worn)
 G - a +0 plate armour (worn)
 O - the +0 pair of boots of Pathos (worn) {*Corrode rElec Regen+ MP-9}
   (Okawaru gifted it to you on level 2 of the Lair of Beasts)

   It insulates you from electricity.
   It affects your magic capacity (-9).
   It increases your rate of regeneration.
   It may corrode you when you take damage.
Magical Staves
 a - an uncursed staff of air {unknown}
Jewellery
 i - an amulet of reflection (around neck)
 s - a cursed -4 ring of dexterity {unknown}
 v - a ring of flight (left hand)
Wands
 g - a wand of acid (4)
 m - a wand of enslavement (10)
 o - a wand of digging (7)
Scrolls
 e - 2 scrolls of amnesia
 j - 3 scrolls of summoning {unknown}
 n - 13 scrolls of remove curse
 p - 3 scrolls of holy word {unknown}
 q - 3 scrolls of identify
 w - a scroll of blinking {unknown}
 x - 3 scrolls of vulnerability {unknown}
 E - 3 scrolls of magic mapping
 F - 3 scrolls of enchant armour {unknown}
 I - 5 scrolls of teleportation
Potions
 f - a potion of might
 h - 5 potions of curing
 k - 3 potions of lignification
 r - 2 potions of stabbing
 A - 4 potions of mutation
 B - a potion of cancellation
 C - 3 potions of flight
 D - a potion of berserk rage
 H - 2 potions of magic
 M - 2 potions of brilliance


   Skills:
 + Level 13.8 Fighting
 + Level 13.9 Maces & Flails
 - Level 2.0 Throwing
 + Level 11.6 Armour
 - Level 3.2 Dodging
 + Level 11.5 Shields
 + Level 4.8 Spellcasting
 + Level 4.8 Hexes


You had 20 spell levels left.
You knew the following spells:

 Your Spells              Type           Power        Failure   Level
a - Corona                Hex            #......      97%         1

Your spell library contained the following spells:

 Spells                   Type           Power        Failure   Level
 Slow                     Hex            #.......     99%         2
 Shock                    Conj/Air       #...         100%        1
 Corpse Rot               Necr/Air       N/A          100%        2
 Poisonous Vapours        Pois/Air       #.....       100%        2
 Sublimation of Blood     Necr           #.........   100%        2
 Swiftness                Air            #.......     100%        2
 Conjure Flame            Conj/Fire      #.......     100%        3
 Inner Flame              Hex/Fire       #.......     100%        3
 Mephitic Cloud           Conj/Pois/Air  #.......     100%        3
 Portal Projectile        Hex/Tloc       #.....       100%        3
 Static Discharge         Conj/Air       #.......     100%        3
 Airstrike                Air            #.........   100%        4
 Cause Fear               Hex            #.........   100%        4
 Dispel Undead            Necr           #.......     100%        4
 Leda's Liquefaction      Hex/Erth       #.........   100%        4
 Agony                    Necr           #.......     100%        5
 Excruciating Wounds      Necr           #.........   100%        5
 Lightning Bolt           Conj/Air       #.........   100%        5
 Freezing Cloud           Conj/Ice/Air   #.........   100%        6


Dungeon Overview and Level Annotations

Branches:
Dungeon (12/15)            Temple (1/1) D:4            Lair (6/6) D:11
 Shoals (0/4) Lair:3        Snake (0/4) Lair:3        Slime (0/5) Lair:6
    Orc (0/2) D:9

Altars:
Cheibriados
Dithmenos
Elyvilon
Fedhas
Hepliaklqana
Kikubaaqudgha
Makhleb
Okawaru
Qazlal
Ru
Sif Muna
Trog
Uskayaw
Vehumet
Xom
The Shining One
Jiyva

Portals:
Trove: D:12 (give 2 scrolls of acquirement)

Annotations:
D:6 1 runed translucent door, Crazy Yiuf
D:11 exclusion: ice statue
Lair:3 3 runed translucent doors, Abbuteuv's ghost, journeyman DsCj; Bathrag's ghost, journeyman DsWn; Tenar's ghost, novice DsGl; Weocefet's ghost, journeyman DDFi; qborf's ghost, journeyman DrIE


Innate Abilities, Weirdness & Mutations

You reflexively headbutt those who attack you in melee.
You have a pair of horns on your head.
You have supernaturally acute eyesight. (SInv)
You tend to lose your temper in combat.
Your body sometimes deteriorates upon taking damage.
Your flesh is heat resistant. (rF+)


Message History

You feel sick.
You block the vampire mosquito's attack.
You block the blink frog's attack. The cane toad barely misses you.
You block the bullfrog's attack.
You feel like a meek peon again.
* * * LOW HITPOINT WARNING * * *
You feel sick. You block the cane toad's attack.
The cane toad completely misses you.
You block the vampire mosquito's attack.
The blink frog blinks!
You sock the bullfrog! Your headbutt misses the bullfrog.
The bullfrog is severely wounded.
* * * LOW HITPOINT WARNING * * *
You feel sick. You block the cane toad's attack.
You block the vampire mosquito's attack.
You block the cane toad's attack.
* * * LOW HITPOINT WARNING * * *
You feel sick.
The blink frog blinks!
You block the bullfrog's attack.
You feel a strong urge to attack something.
You die...

.$ ..#.♣.........###..P.
... ...#P.PPP............
.#.. ..♣.♣†.P♣...(......#.
.....###.
#♣♣†♣♣♣.§.F####≈##
........####...♣♣...P# ≈≈
........##P#........P#.##
..
...........#..†F...F!....
###...........FF.†.......P
#...#......@FyF§...P##..
.....#..♣♣.♣♣.F.l....# .
......#P.♣P..♣♣♣##..P...
.PP.. ##.♣..P♣ #<.....≈
##P.. #.♣..P♣ #......
..♣P.P♣ .....P ..♣P.P♣
..... ♣P..♣


You could see a komodo dragon, 3 cane toads, 3 blink frogs, a vampire mosquito
and 2 bullfrogs.

Vanquished Creatures
  Josephine (Lair:4)
  6 hydras
  Harold (D:7)
  3 two-headed ogres
  Erica (D:8)
  A fire crab (Lair:4)
  An oklob plant (Lair:4)
  Pikel (D:7)
  2 ugly things
  2 black mambas
  9 elephants
  8 cane toads
  8 rime drakes (Lair:2)
  2 komodo dragons
  A polar bear (Lair:3)
  2 trolls
  4 slime creatures (D:10)
  Prince Ribbit (D:9)
  Grinder (D:6)
  A meliai zombie (D:11)
  8 hippogriffs
  7 blink frogs
  A snapping turtle (Lair:3)
  4 wraiths (Lair:4)
  Sigmund (D:2)
  A spriggan (Lair:4)
  A wyvern (D:10)
  17 yaks
  A basilisk (Lair:2)
  Grum (D:8)
  6 steam dragons (Lair:2)
  4 vampire mosquitoes (D:11)
  An acid dragon (Lair:2)
  Menkaure (D:6)
  5 porcupines
  17 water moccasins
  3 orc warriors
  2 sky beasts
  A black bear (Lair:3)
  3 ice beasts
  3 phantoms
  6 wolves
  6 ogres
  5 centaurs
  A big kobold (D:10)
  8 crocodiles
  13 bullfrogs
  2 wyvern zombies
  A wyvern skeleton (D:12)
  5 scorpions
  12 killer bees
  4 wights (D:7)
  3 howler monkeys (D:10)
  An electric eel (Lair:3)
  A bullfrog zombie (D:7)
  A centaur zombie (D:9)
  7 hounds
  An orc priest (D:3)
  3 bullfrog skeletons
  A jelly (D:8)
  8 orc wizards
  A centaur skeleton (D:11)
  Jessica (D:3)
  Ijyb (D:5)
  4 iguanas
  Natasha (D:4)
  5 worker ants
  Robin (D:4)
  A worker ant zombie (D:6)
  A gnoll (D:1)
  A howler monkey skeleton (D:9)
  19 adders
  2 shadow imps
  3 white imps
  2 ufetubi
  An ooze (D:4)
  2 adder zombies
  An adder skeleton (D:4)
  7 worms
  4 dart slugs
  4 leopard geckos
  30 orcs
  A ball python (D:3)
  6 giant cockroaches
  27 goblins
  5 hobgoblins
  25 jackals
  5 quokkas
  A ball python zombie (D:6)
  5 bats
  6 frilled lizards
  18 kobolds
  7 rats
431 creatures vanquished.

Vanquished Creatures (others)
  2 rime drakes (Lair:2)
  An orc wizard (D:6)
  13 fungi
  85 plants
101 creatures vanquished.

Grand Total: 532 creatures vanquished

Notes
Turn   | Place    | Note
-------+----------+-------------------------------------------
     0 | D:1      | BattleRest the Minotaur Gladiator began the quest for the
                  | Orb.
     0 | D:1      | Reached XP level 1. HP: 18/18 MP: 0/0
   282 | D:1      | Reached XP level 2. HP: 22/25 MP: 1/1
   533 | D:1      | Reached XP level 3. HP: 25/31 MP: 2/2
  1314 | D:2      | Found a blossoming altar of Fedhas.
  1420 | D:2      | Noticed Sigmund
  1430 | D:2      | Killed Sigmund
  1430 | D:2      | Reached skill level 5 in Fighting
  1430 | D:2      | Reached XP level 4. HP: 32/42 MP: 3/3
  1430 | D:2      | Reached XP level 5. HP: 36/48 MP: 4/4
  1801 | D:3      | Noticed Jessica
  1810 | D:3      | Killed Jessica
  1817 | D:3      | Reached XP level 6. HP: 44/57 MP: 5/5
  2789 | D:4      | Found a sacrificial altar of Ru.
  2904 | D:4      | Noticed Robin
  2907 | D:4      | Reached XP level 7. HP: 64/64 MP: 6/6
  2917 | D:4      | Killed Robin
  3048 | D:4      | Noticed Natasha
  3062 | D:4      | Killed Natasha
  3249 | D:4      | Upgraded the game from 0.26-a0-540-g8a0c9464d7 to
                  | 0.26-a0-597-gb535b0901c
  3504 | D:4      | Found a shimmering altar of Xom.
  3620 | D:4      | Found a staircase to the Ecumenical Temple.
  3709 | Temple   | Entered the Ecumenical Temple
  3731 | Temple   | Became a worshipper of Warmaster Okawaru
  3862 | D:5      | Entered Level 5 of the Dungeon
  3875 | D:5      | Noticed Ijyb
  3881 | D:5      | Killed Ijyb
  4160 | D:5      | Reached * piety under Okawaru
  4160 | D:5      | Reached XP level 8. HP: 65/74 MP: 7/7
  4262 | D:5      | Reached skill level 1 in Armour
  4620 | D:6      | Reached skill level 1 in Shields
  5122 | D:6      | Found a runed translucent door.
  5123 | D:6      | Noticed Crazy Yiuf
  5335 | D:6      | Noticed Menkaure
  5341 | D:6      | Killed Menkaure
  5341 | D:6      | Reached ** piety under Okawaru
  5341 | D:6      | Reached XP level 9. HP: 73/83 MP: 8/8
  5422 | D:6      | Noticed Grinder
  5434 | D:6      | Killed Grinder
  5555 | D:6      | Found a shadowy altar of Dithmenos.
  5562 | D:6      | Found a snail-covered altar of Cheibriados.
  5667 | D:6      | Gained mutation: You have supernaturally acute eyesight.
                  | (SInv) [potion of mutation]
  5667 | D:6      | Gained mutation: You tend to lose your temper in combat.
                  | [potion of mutation]
  5667 | D:6      | Gained mutation: Your body sometimes deteriorates upon
                  | taking damage. [potion of mutation]
  5667 | D:6      | Gained mutation: Your flesh is heat resistant. (rF+)
                  | [potion of mutation]
  5924 | D:7      | Reached skill level 10 in Maces & Flails
  5985 | D:7      | Reached skill level 5 in Armour
  6098 | D:7      | Reached skill level 5 in Shields
  6495 | D:7      | Reached skill level 10 in Fighting
  6530 | D:7      | Noticed Harold
  6543 | D:7      | Killed Harold
  6543 | D:7      | Reached *** piety under Okawaru
  6601 | D:7      | Reached **** piety under Okawaru
  6601 | D:7      | Reached XP level 10. HP: 87/94 MP: 9/9
  6931 | D:7      | Found a hide-covered altar of Uskayaw.
  6967 | D:8      | Noticed Pikel
  6989 | D:7      | Killed Pikel
  7403 | D:8      | Noticed a moth of wrath
  7405 | D:8      | Noticed Grum
  7405 | D:8      | Noticed Erica
  7423 | D:8      | Killed Erica
  7423 | D:8      | Received a gift from Okawaru
  7431 | D:8      | Killed Grum
  7455 | D:9      | Noticed a two-headed ogre
  7460 | D:8      | Reached ***** piety under Okawaru
  7859 | D:8      | Found a bloodstained altar of Trog.
  8022 | D:9      | Noticed Prince Ribbit
  8035 | D:9      | Killed Prince Ribbit
  8061 | D:9      | Killed a two-headed ogre
  8093 | D:9      | Learned a level 1 spell: Corona
  8268 | D:9      | Received a gift from Okawaru
  8590 | D:9      | Reached XP level 11. HP: 69/102 MP: 10/10
  9194 | D:9      | Found a staircase to the Orcish Mines.
  9291 | D:10     | Entered Level 10 of the Dungeon
  9298 | D:10     | Reached skill level 1 in Spellcasting
  9306 | D:10     | Reached skill level 1 in Hexes
  9857 | D:10     | Noticed a two-headed ogre
  9866 | D:10     | Killed a two-headed ogre
 10215 | D:10     | Received a gift from Okawaru
 10840 | D:11     | Noticed a two-headed ogre
 10871 | D:11     | Killed a two-headed ogre
 10871 | D:11     | Reached ****** piety under Okawaru
 11108 | D:11     | Found a staircase to the Lair.
 11402 | D:11     | Noticed a brown ugly thing
 11414 | D:11     | Killed a brown ugly thing
 11901 | D:12     | Found a portal to a secret trove of treasure.
 12013 | D:12     | Noticed a cyan ugly thing
 12026 | D:12     | Killed a cyan ugly thing
 12534 | Lair:1   | Entered Level 1 of the Lair of Beasts
 13502 | Lair:2   | Reached XP level 12. HP: 98/113 MP: 15/15
 14036 | Lair:2   | Reached skill level 10 in Armour
 14211 | Lair:2   | Reached skill level 10 in Shields
 14556 | Lair:2   | Received a gift from Okawaru
 14616 | Lair:2   | Got a pair of glimmering boots {god gift}
 14622 | Lair:2   | Identified the +0 pair of boots of Pathos {*Corrode rElec
                  | Regen+ MP-9} (Okawaru gifted it to you on level 2 of the
                  | Lair of Beasts)
 15113 | Lair:3   | Noticed a seven-headed hydra
 15121 | Lair:3   | Killed a seven-headed hydra
 15244 | Lair:3   | Found a staircase to the Snake Pit.
 15358 | Lair:3   | Noticed a six-headed hydra
 15370 | Lair:3   | Killed a six-headed hydra
 15777 | Lair:3   | Found a runed translucent gate.
 15777 | Lair:3   | Found a runed translucent gate.
 15777 | Lair:3   | Found a runed translucent gate.
 15777 | Lair:3   | Noticed qborf's ghost (journeyman DrIE)
 15777 | Lair:3   | Noticed Bathrag's ghost (journeyman DsWn)
 15777 | Lair:3   | Noticed Weocefet's ghost (journeyman DDFi)
 15778 | Lair:3   | Noticed Tenar's ghost (novice DsGl)
 15778 | Lair:3   | Noticed Abbuteuv's ghost (journeyman DsCj)
 16056 | Lair:3   | Noticed a six-headed hydra
 16068 | Lair:3   | Killed a six-headed hydra
 16270 | Lair:3   | Found a staircase to the Shoals.
 16584 | Lair:4   | Noticed Josephine
 16596 | Lair:4   | Killed Josephine
 16606 | Lair:4   | Reached XP level 13. HP: 122/122 MP: 9/18
 16841 | Lair:4   | Received a gift from Okawaru
 17030 | Lair:4   | Received a gift from Okawaru
 18387 | Lair:5   | You fall into a shaft and drop 1 floor!
 18387 | Lair:6   | Entered Level 6 of the Lair of Beasts
 18476 | Lair:6   | Found a staircase to the Slime Pits.
 18477 | Lair:6   | Found a viscous altar of Jiyva.
 18518 | Lair:6   | HP: 6/123 [cane toad (3)]
 18525 | Lair:6   | HP: 4/184 [cane toad (7)]
 18528 | Lair:6   | HP: 1/184 [poisoned by a cane toad]
 18530 | Lair:6   | Succumbed to a cane toad's poison

Illustrated notes

Levels and vault maps discovered:
D:1:      dpeg_arrival_long_road, layout_basic
D:2:      layout_basic, fedhas_altar_2, uniq_sigmund
D:3:      layout_basic, uniq_jessica
D:4:      layout_loops_corners, tgw_xom, nicolae_ru_sacrificial_ziggurat,
          temple_fountains, minmay_ogre_servants, uniq_natasha, uniq_robin
D:5:      minmay_spotlight, layout_basic, st_stairs_4, uniq_ijyb
D:6:      layout_rooms, amethyst_overflow_temple_binary,
          minmay_misc_feat_diagonals, uniq_menkaure, uniq_grinder,
          uniq_crazy_yiuf_cottage
D:7:      layout_loops_corners, nicolae_overflow_hidden_temple, uniq_harold
D:8:      layout_rooms, tgw_trog, uniq_grum, uniq_erica, uniq_pikel
D:9:      layout_long_grid, orc_0_dummy, uniq_prince_ribbit1
D:10:     layout_loops_ring, minmay_strange_pillars
D:11:     cheibrodos_frozen_isle, layout_small_grid, lair_entry_dummy
D:12:     layout_irregular_city, nicolae_trove_entry_crossroad
Temple:   eino_wide_crystal_templ
Lair:1:   layout_long_grid, serial_bayou_pond_a, grunt_megastairs_5,
          serial_bayou_shore_a, infiniplex_staircase_pool_2
Lair:2:   layout_long_grid, bobbens_dragon_lair_wall
Lair:3:   layout_small_grid, minmay_shoals_entry_hut,
          minmay_snake_entry_six_corridors, gammafunk_ghost_cemetery,
          minivault_25
Lair:4:   layout_cave_pods, grunt_forest_large_clearing_hut,
          lemuel_fruit_fields, uniq_josephine
Lair:5:   layout_cave_pods, lemuel_fruit_tree, lemuel_fruit_fields
Lair:6:   minmay_lair_end_frog_pond, layout_loops_ring, slime_altar_1,
          basic_altar, serial_forest, infiniplex_forest_lined_room_,
          infiniplex_forest_straight_5, infiniplex_forest_straight_5,
          infiniplex_forest_corner_1, nicolae_volcano_entry_hallway,
          serial_bayou_pond_e

Skill      XL: |  1  2  3  4  5  6  7  8  9 10 11 12 13 |
---------------+----------------------------------------+-----
Maces & Flails | 4 6 7 8 9 10 11 12 13 | 13.9
Fighting       | 3 5 6 8 9 10 11 12 13 | 13.8
Armour         | 4 6 8 9 10 11 | 11.6
Shields        | 3 6 8 9 10 11 | 11.5
Spellcasting   | 2 4 |  4.8
Hexes          | 2 4 |  4.8
Throwing       | |  2.0
Dodging        | |  3.2

Action                   |  1- 3 |  4- 6 |  7- 9 | 10-12 | 13-15 || total
-------------------------+-------+-------+-------+-------+-------++-------
Melee: Flail             |    68 |    86 |   325 |   765 |   295 ||  1539
       Headbutt          |    10 |    18 |    67 |   185 |    83 ||   363
       Spear             |     2 |       |       |       |       ||     2
Throw: Throwing net      |     1 |       |       |       |     1 ||     2
Invok: Heroism           |       |       |     2 |     1 |     6 ||     9
       Finesse           |       |       |       |       |     1 ||     1
Evoke: Wand              |       |       |       |       |     1 ||     1
  Use: Scroll            |     2 |     4 |     5 |    13 |       ||    24
       Potion            |       |     3 |     4 |     1 |     2 ||    10
 Stab: Held in net/web   |       |       |     1 |       |       ||     1
Armor: Leather armour    |     9 |       |       |       |       ||     9
       Ring mail         |     5 |    26 |    59 |     8 |       ||    98
       Plate armour      |       |       |       |   251 |   125 ||   376
Dodge: Dodged            |    35 |    62 |    88 |   105 |    59 ||   349
Block: Other             |     9 |    19 |    27 |       |       ||    55
       Reflection        |       |     1 |     9 |    17 |     1 ||    28
       Tower shield      |       |       |   177 |   829 |   424 ||  1430

Table legend: (Time is in decaauts)
 A = Elapsed time spent in this place.
 B = Non-inter-level travel time spent in this place.
 C = Inter-level travel time spent in this place.
 D = Time resting spent in this place.
 E = Time spent auto-exploring this place.
 F = Levels seen in this place.
 G = Mean time per level.
                   A        B        C        D        E       F      G
               +--------+--------+--------+--------+--------+-----+--------+
         Total |  18600 |  18044 |    556 |   5118 |   9229 |  19 |  978.9 |
       Dungeon |  12592 |  12146 |    446 |   3492 |   6443 |  12 | 1049.3 |
        Temple |     31 |     24 |      7 |      0 |      1 |   1 |   31.0 |
          Lair |   5975 |   5873 |    102 |   1625 |   2785 |   6 |  995.8 |
               +--------+--------+--------+--------+--------+-----+--------+

Top non-repeatable levels by time:
  Lair:2: 1588 daAuts
  Lair:3: 1533 daAuts
  Lair:4: 1515 daAuts
    D:10: 1380 daAuts
     D:9: 1345 daAuts
     D:6: 1307 daAuts
    D:11: 1229 daAuts
     D:4: 1208 daAuts
     D:7: 1186 daAuts
     D:1: 1056 daAuts
     D:3: 905 daAuts
     D:8: 893 daAuts
     D:5: 750 daAuts
     D:2: 712 daAuts
  Lair:1: 707 daAuts
